 Dungeon Crawl Stone Soup version 0.31-a0-182-gc5ef74bbde (webtiles) character file.

Game seed: 10354849076759837294

168 Anon1729 the Chopper (level 6, -4/52 HPs)
             Began as a Meteoran Monk on June 21, 2023.
             Slain by an iguana (9 damage)
             ... on level 4 of the Dungeon.
             The game lasted 00:03:06 (836 turns).

Anon1729 the Chopper (Meteoran Monk)                 Turns: 836, Time: 00:03:06

Health: -4/52      AC:  5    Str: 14    XL:     6   Next: 7%
Magic:  8/8        EV: 13    Int: 12    God:
Gold:   68         SH:  0    Dex: 17    Spells: 5/5 levels left

rFire   . . .        a - +0 hand axe
rCold   . . .        d - orb {light}
rNeg    . . .        b - +0 robe
rPois   .            c - +1 hat
rElec   .            e - +0 cloak
rCorr   .            (no gloves)
SInv    .            g - +0 pair of boots
Will    .....        (no amulet)
Stlth   +            (no ring)
HPRegen 0.28/turn    (no ring)
MPRegen 0.11/turn

%: no passive effects
@: glowing
A: sense surroundings 1, otherworldly, glowing, explore regen
a: no special abilities


You were on level 4 of the Dungeon.
You visited 1 branch of the dungeon, and saw 5 of its levels.

You collected 68 gold pieces.

Inventory:

Hand Weapons
 a - a +0 hand axe (weapon)
Armour
 b - a +0 robe (worn)
 c - a +1 hat (worn)
 d - an orb of light (worn)
 e - a +0 cloak (worn)
 g - a +0 pair of boots (worn)
Jewellery
 l - the ring of Xoko {Str+3 SInv Stlth+}
   (You found it on level 3 of the Dungeon)

   [ring of see invisible]

   Str:       It affects your strength (+3).
   SInv:      It lets you see invisible.
   Stlth:     It makes you more stealthy.
Scrolls
 f - 2 scrolls of identify {unknown}
 h - a scroll of immolation {unknown}
 i - a scroll of teleportation {unknown}
 k - a scroll of vulnerability {unknown}


   Skills:
 + Level 4.2 Fighting
 * Level 5.0 Axes
 + Level 2.4 Armour
 - Level 3.6 Dodging
 + Level 1.9 Shields
 + Level 2.1 Invocations


You had 5 spell levels left.
You didn't know any spells.
Your spell library contained the following spells:

 Spells                   Type           Power      Damage    Failure   Level
 Ensorcelled Hibernation  Hex/Ice        0%         N/A       45%         2
 Inner Flame              Hex/Fire       0%         N/A       69%         3
 Spider Form              Tmut/Pois      0%         N/A       69%         3
 Anguish                  Hex/Necr       0%         N/A       97%         4
 Yara's Violent Unravell  Hex/Tmut       0%         3d3       100%        5
 Enfeeble                 Hex            0%         N/A       100%        7


Dungeon Overview and Level Annotations

Branches:
Dungeon (5/15) Zot: 2149
 Temple: D:4-7

Altars:
Zin

Annotations:
D:5 Pikel


Innate Abilities, Weirdness & Mutations

You passively map a small area around you.
You are easily found by Zot.
You glow in the dark.
You regain HP and MP as you explore.


Message History

The lemure shouts!
A lemure comes into view.
A scorpion comes into view.
Items here: ) ? [ †.
Pikel says, "You'll feel the lick of my whip!"
There is a stone staircase leading up here.
You climb upwards.
There is a stone staircase leading down here.
You feel a little less mighty now.
An iguana comes into view.
The iguana hisses angrily.
The iguana bites you.
You hit the iguana.
The iguana is lightly wounded.
The iguana bites you.
You hit the iguana.
The iguana is moderately wounded.
The iguana bites you!
You hit the iguana.
The iguana is moderately wounded.
The iguana bites you!
* * * LOW HITPOINT WARNING * * *
You completely miss the iguana.
The iguana is moderately wounded.
The iguana bites you but does no damage.
You hit the iguana.
The iguana is heavily wounded.
The iguana barely misses you.
You hit the iguana but do no damage.
The iguana is heavily wounded.
The iguana bites you.
* * * LOW HITPOINT WARNING * * *
You hit the iguana.
The iguana is almost dead.
The iguana barely misses you.
You hit the iguana but do no damage.
The iguana is almost dead.
The iguana hisses menacingly.
The iguana bites you!
You die...

...........#
#.#
...........#
#.#
...........#
#.#
.########.#
#.# .# *,#
#.### .# *
#...# .# ,
,* ###.# ##
* #.# , ,
#@# , , *
#l# #.# ,
#.# , * *
*#.# , ,,
#.# * * #.#
* * * #.#


You could see an iguana.

Vanquished Creatures
  2 sleepcaps (D:3)
  2 iguanas (D:5)
  2 adders
  4 worms
  An orc (D:5)
  4 ball pythons
  2 endoplasms
  4 giant cockroaches
  A goblin (D:2)
  3 hobgoblins
  2 jackals (D:1)
  6 kobolds
  3 bats
  2 frilled lizards
  4 rats
42 creatures vanquished.

Notes
Turn   | Place    | Note
-------+----------+-------------------------------------------
     0 | D:1      | Anon1729 the Meteoran Monk began the quest for the Orb.
     0 | D:1      | Reached XP level 1. HP: 19/19 MP: 2/2
    80 | D:1      | Reached XP level 2. HP: 14/26 MP: 3/3
    95 | D:1      | Reached skill level 1 in Armour
   156 | D:2      | Reached skill level 4 in Axes
   196 | D:2      | Reached XP level 3. HP: 29/33 MP: 4/4
   498 | D:3      | Found a glowing silver altar of Zin.
   506 | D:3      | Reached XP level 4. HP: 40/40 MP: 5/5
   539 | D:3      | Reached skill level 1 in Shields
   567 | D:3      | Identified the ring of Xoko {Str+3 SInv Stlth+}
   616 | D:3      | Reached skill level 1 in Invocations
   641 | D:3      | Reached XP level 5. HP: 25/46 MP: 5/7
   767 | D:5      | Entered Level 5 of the Dungeon
   783 | D:5      | HP: 1/46 [iguana (10)]
   788 | D:5      | Reached skill level 5 in Axes
   788 | D:5      | Reached XP level 6. HP: 2/52 MP: 8/8
   799 | D:5      | Noticed Pikel
   836 | D:4      | Slain by an iguana

Illustrated notes

Levels and vault maps discovered:
D:1:      dpeg_arrival_round_c, layout_basic, hellmonk_ecumenical_altar_zigzags
D:2:      layout_basic
D:3:      kennysheep_six_static_rooms, layout_basic,
          mainiacjoe_overflow_boulevard, minivault_23, hellmonk_no_cap,
          uniq_terence, uniq_grinder
D:4:      layout_basic, dk_noncrumbling_4
D:5:      layout_cave_pods, kennysheep_okawaru_gauntlet, tgw_sif,
          gammafunk_ghost_split, uniq_duvessa, uniq_pikel

Skill      XL: |  1  2  3  4  5 |
---------------+----------------+-----
Armour         | 1 2 |  2.4
Axes           | 4 5 |  5.0
Shields        | 1 |  1.9
Invocations    | 1 2 |  2.1
Fighting       | 4 |  4.2
Dodging        | |  3.6

Action                     |  1- 3 |  4- 6 || total
---------------------------+-------+-------++-------
  Melee: Hand axe          |    88 |    77 ||   165
    Use: Potion            |       |     2 ||     2
 Armour: Robe              |    22 |    15 ||    37
  Dodge: Dodged            |    56 |    40 ||    96

Table legend: (Time is in decaauts)
 A = Elapsed time spent in this place.
 B = Non-inter-level travel time spent in this place.
 C = Inter-level travel time spent in this place.
 D = Time resting spent in this place.
 E = Time spent auto-exploring this place.
 F = Levels seen in this place.
 G = Mean time per level.
                   A        B        C        D        E       F      G
               +--------+--------+--------+--------+--------+-----+--------+
         Total |    849 |    835 |     14 |      0 |    364 |   5 |  169.8 |
       Dungeon |    849 |    835 |     14 |      0 |    364 |   5 |  169.8 |
               +--------+--------+--------+--------+--------+-----+--------+

Top non-repeatable levels by time:
     D:3: 340 daAuts
     D:1: 182 daAuts
     D:2: 174 daAuts
     D:4: 109 daAuts
     D:5: 42 daAuts
